 Dungeon Crawl Stone Soup version 0.29.1-1-gd02db6906a (webtiles) character file.

Game seed: 3129777257162944886

555 Ashen the Chiller (level 7, 51/51 HPs)
             Began as a Demonspawn Ice Elementalist on Oct 9, 2022.
             Got out of the dungeon alive.
             The game lasted 00:10:56 (5860 turns).

Ashen the Chiller (Demonspawn Ice Elementalist)     Turns: 5860, Time: 00:10:57

Health: 51/51      AC:  3    Str: 14    XL:     7   Next: 8%
Magic:  13/13      EV: 15    Int: 19    God:
Gold:   183        SH:  0    Dex: 19    Spells: 3/14 levels left

rFire   . . .      SeeInvis .   j - +5 hand axe of Eternal Vigilance {flame, rPois rC- Dex+6}
rCold   x . .      Faith    .   (no shield)
rNeg    . . .      Spirit   .   o - +1 robe {Will+}
rPois   +          Reflect  .   (helmet restricted)
rElec   .          Harm     .   (no cloak)
rCorr   .          Rampage  .   (no gloves)
Will    +....                   (no boots)
Stlth   +++.......              (no amulet)
HPRegen 0.17/turn               e - ring of wizardry
MPRegen 0.13/turn               l - +6 ring of strength

@: no status effects
A: antennae 1, repulsion field 1, powered by death 1, spiny 1
a: no special abilities


You escaped.
You visited 1 branch of the dungeon, and saw 5 of its levels.

You collected 253 gold pieces.
You spent 70 gold pieces at shops.

Inventory:

Hand Weapons
 j - the +5 hand axe of Eternal Vigilance (weapon) {flame, rPois rC- Dex+6}
   (You found it on level 2 of the Dungeon)

   It burns those it strikes, dealing additional fire damage.
   Big, fiery blades are also staple armaments of hydra-hunters.
   Dex:       It affects your dexterity (+6).
   rC:        It makes you vulnerable to cold.
   rPois:     It protects you from poison.
Missiles
 u - 2 javelins
Armour
 o - a +1 robe of willpower (worn)
 t - a +0 buckler
Jewellery
 a - a +4 ring of evasion
 e - a ring of wizardry (left hand)
 l - a +6 ring of strength (right hand)
Wands
 q - a wand of flame (12)
Scrolls
 c - 4 scrolls of teleportation
 f - a scroll of blinking {unknown}
 g - 3 scrolls of silence {unknown}
 h - a scroll of enchant armour {unknown}
 k - 6 scrolls of identify
 p - a scroll of magic mapping {unknown}
 s - a scroll of poison {unknown}
 w - a scroll of fear {unknown}
Potions
 b - 3 potions of magic
 d - 3 potions of might {unknown}
 i - 2 potions of curing {unknown}
 m - 2 potions of degeneration {unknown}
 n - 2 potions of haste {unknown}
 r - a potion of ambrosia {unknown}
 v - a potion of heal wounds {unknown}


   Skills:
 + Level 2.6 Fighting
 + Level 2.9 Dodging
 + Level 3.2 Stealth
 * Level 4.1 Spellcasting
 * Level 5.2 Ice Magic


You had 3 spell levels left.
You knew the following spells:

 Your Spells              Type           Power      Damage    Failure   Level
a - Freeze                Ice            92%        1d10      1%          1
b - Frozen Ramparts       Ice            46%        1d7       1%          3
c - Ozocubu's Armour      Ice            23%        N/A       1%          3
d - Hailstorm             Conj/Ice       13%        3d5       19%         4

Your spell library contained the following spells:

 Spells                   Type           Power      Damage    Failure   Level
 Magic Dart               Conj           12%        1d3       6%          1
 Call Imp                 Summ           3%         N/A       9%          2
 Gell's Gravitas          Tloc           3%         N/A       16%         3
 Lesser Beckoning         Tloc           3%         N/A       16%         3
 Mephitic Cloud           Conj/Pois/Air  3%         N/A       16%         3
 Teleport Other           Tloc           3%         N/A       16%         3
 Malign Gateway           Summ/Tloc      1%         N/A       100%        7
 Summon Horrible Things   Summ           1%         N/A       100%        8


Dungeon Overview and Level Annotations

Branches:
Dungeon (5/15)
 Temple: D:4-7

Altars:
Gozag
Hepliaklqana
Makhleb
Ru
Sif Muna

Shops:
D:4 *

Annotations:
D:3 Sigmund
D:4 Blork the orc


Innate Abilities, Weirdness & Mutations

You have a pair of small antennae on your head.
You are surrounded by a mild repulsion field. (EV +2)
You regenerate a little health from kills.
You are partially covered in sharp spines.


Message History

The worm is struck by your spines. The worm completely misses you.
You hit the worm. You burn the worm.
The worm is heavily wounded.
Casting: Freeze (safe; 1% risk of failure)
Confirm with . or Enter, or press ? or * to list all spells.
Aiming: Freeze (safe; 1% risk of failure)
Press: ? - help, Shift-Dir - straight line, f - worm
Aim: a worm (heavily wounded)
You freeze the worm!
You kill the worm!
Casting: Freeze (safe; 1% risk of failure)
Confirm with . or Enter, or press ? or * to list all spells.
You can't see any susceptible monsters within range! (Use Z to cast anyway.)
There is an open door here.
Magic restored.
You open the door.
There is an open door here.
There is a stone staircase leading up here.
You climb upwards.
There is a stone staircase leading down here.
Things that are here:
5 stones; a +0 dagger You see here 7 stones.
There is a stone staircase leading up here.
You climb upwards.
There is a stone staircase leading down here.
You see here a staff of earth.
(D) Dungeon
Where to? (Enter - D:2 @ (x,y), ? - help)
Okay, then.
There is a staircase leading out of the dungeon here.
Unknown command.
(D) Dungeon
Where to? (Enter - D:1 @ (x,y), ? - help)
Okay, then.
There is a staircase leading out of the dungeon here.
Are you sure you want to leave the Dungeon?
This will make you lose the game!
Uppercase [Y]es or [N]o only, please.
Are you sure you want to leave the Dungeon?
This will make you lose the game!
You have escaped!

#.#.#....#..##
#....#........####
..#.#....#...###....####'#.....#
###.#....+...............#######
#.#....######..######### #
###.#....# ##..### # ....#....#
##...############# #####....####
###..#........... #.......#
#♣###.#...)....).. #######.#
♣@♣##............. ## #.#
♣..♣##............ .#
#.####..♣##............ .#
#...#♣.♣##..#####...### .#
####..♣.♣.#.## #...# # .#
####♣.##..# #...# # .# #####.##
#...# # .# #..####### # .#
##...#######


There were no monsters in sight!

Vanquished Creatures
  2 scorpions
  A hound (D:4)
  A gnoll bouda (D:4)
  2 iguanas (D:5)
  2 orc wizards
  Robin (D:3)
  6 gnolls
  4 adders
  2 ufetubi (D:4)
  7 worms
  2 dart slugs
  6 orcs
  7 ball pythons
  7 bats
  6 endoplasms
  18 goblins
  9 hobgoblins
  12 jackals
  7 kobolds
  A quokka (D:1)
  6 frilled lizards
  4 rats
113 creatures vanquished.

Vanquished Creatures (others)
  An orc wizard (D:3)
1 creature vanquished.

Grand Total: 114 creatures vanquished

Notes
Turn   | Place    | Note
-------+----------+-------------------------------------------
     0 | D:1      | Ashen the Demonspawn Ice Elementalist began the quest for
                  | the Orb.
     0 | D:1      | Reached XP level 1. HP: 13/13 MP: 3/3
   458 | D:1      | Gained mutation: You are partially covered in sharp spines.
                  | [demonic ancestry]
   458 | D:1      | Reached XP level 2. HP: 20/20 MP: 1/5
  1036 | D:1      | Reached XP level 3. HP: 25/25 MP: 3/6
  1263 | D:2      | Identified the +5 hand axe of Eternal Vigilance {flame,
                  | rPois rC- Dex+6}
  1518 | D:2      | Reached skill level 1 in Fighting
  1623 | D:2      | Reached skill level 4 in Ice Magic
  1729 | D:2      | Learned a level 3 spell: Frozen Ramparts
  1733 | D:2      | Learned a level 3 spell: Ozocubu's Armour
  1848 | D:2      | Reached XP level 4. HP: 19/32 MP: 8/8
  2648 | D:3      | Found a faded altar of an unknown god.
  2650 | D:3      | Noticed a scorpion
  2659 | D:3      | Killed a scorpion
  2660 | D:3      | Gained mutation: You have a pair of small antennae on your
                  | head. [demonic ancestry]
  2660 | D:3      | Reached XP level 5. HP: 18/37 MP: 4/9
  3135 | D:3      | Noticed Robin
  3147 | D:3      | Killed Robin
  3508 | D:3      | Found a sacrificial altar of Ru.
  3508 | D:3      | Found a hazy altar of Hepliaklqana.
  3712 | D:3      | Noticed Sigmund
  3722 | D:3      | Found a burning altar of Makhleb.
  3767 | D:3      | Found a shimmering blue altar of Sif Muna.
  3985 | D:3      | Found an opulent altar of Gozag.
  3991 | D:3      | Gained mutation: You are surrounded by a mild repulsion
                  | field. (EV +2) [demonic ancestry]
  3991 | D:3      | Reached XP level 6. HP: 14/44 MP: 4/11
  4411 | D:4      | Found Kossus's General Store.
  4414 | D:4      | Bought a scroll of teleportation for 42 gold pieces
  4414 | D:4      | Bought a scroll of identify for 28 gold pieces
  4947 | D:4      | Noticed Blork the orc
  4981 | D:4      | Learned a level 4 spell: Hailstorm
  5014 | D:4      | Reached skill level 5 in Ice Magic
  5549 | D:5      | Entered Level 5 of the Dungeon
  5577 | D:5      | Gained mutation: You regenerate a little health from kills.
                  | [demonic ancestry]
  5577 | D:5      | Reached XP level 7. HP: 50/51 MP: 8/13
  5860 | D:$      | Got out of the dungeon alive.

Illustrated notes

Levels and vault maps discovered:
D:1:      pf_arrival_petrified_forest, layout_basic
D:2:      layout_basic, minmay_fractal_squares_gapless_5
D:3:      layout_loops_corners, mainiacjoe_overflow_24_doors,
          gammafunk_temple_overflow_pools, mainiacjoe_overflow_two_lobes,
          hellmonk_ecumenical_altar_run_dry, uniq_sigmund, uniq_robin
D:4:      layout_basic, serial_glass, glass_columns_c, glass_columns_a,
          glass_columns_c, glass_columns_c, glass_columns_a, glass_columns_a,
          glass_columns_b, glass_columns_a, glass_columns_a, glass_columns_c,
          st_stairs_12, nicolae_stop_n_shop_2, grunt_ministairs_14,
          uniq_blork_the_orc
D:5:      layout_loops_ring, hangedman_decor_opposing

Skill      XL: |  1  2  3  4  5  6 |
---------------+-------------------+-----
Stealth        | 2 3 |  3.2
Fighting       | 1 2 |  2.6
Dodging        | 2 |  2.9
Ice Magic      | 4 5 |  5.2
Spellcasting   | 3 4 |  4.1

Action                   |  1- 3 |  4- 6 |  7- 9 || total
-------------------------+-------+-------+-------++-------
Melee: Unarmed           |    15 |       |       ||    15
       Dagger            |     3 |       |       ||     3
       Hand axe          |    25 |    68 |     9 ||   102
 Cast: Freeze            |    36 |    12 |     2 ||    50
       Frozen Ramparts   |       |     8 |       ||     8
       Ozocubu's Armour  |       |     5 |       ||     5
Evoke: Wand              |       |     5 |       ||     5
 Stab: Sleeping          |     2 |     8 |       ||    10
       Distracted        |     1 |       |       ||     1
Armor: Robe              |    20 |     9 |     1 ||    30
Dodge: Dodged            |    37 |    40 |     5 ||    82
